Description

zvt

Replay - Clem v Serral: Game 2 - [ESL] Hard Lead

Build Order

Get SALT Encoding   

  12  0:00  Drone  
  13  0:12  Overlord  
  13  0:17  Drone  
  14  0:30  Drone x2  
  16  0:48  Hatchery  
  15  0:51  Drone x2  
  17  0:58  Drone  
  18  1:10  Extractor  
  17  1:13  Spawning Pool  
  17  1:17  Drone x2  
  18  1:27  Drone  
  21  2:00  Queen x2  
  26  2:01  Zergling x4  
  27  2:11  Metabolic Boost  
  27  2:12  Overlord  
  28  2:32  Hatchery  
  30  2:46  Queen  
  31  2:52  Overlord  
  34  3:06  Overlord  
  34  3:12  Queen  
  42  3:27  Queen  
  46  3:39  Overlord  
  49  3:47  Queen  
  54  3:57  Zergling x8  
  58  4:06  Queen  
  60  4:11  Zergling x4  
  66  4:27  Lair  
  66  4:36  Queen  
  74  4:47  Queen  
  76  4:54  Hatchery  
  76  4:59  Spore Crawler x3  
  75  5:03  Zergling x4  
  77  5:09  Baneling Nest, Extractor  
  85  5:25  Overseer  
  87  5:34  Extractor x2  
  89  5:42  Extractor  
  90  5:44  Evolution Chamber  
  90  5:48  Centrifugal Hooks  
  95  6:02  Evolution Chamber  
  94  6:06  Queen  
  104  6:18  Zerg Ground Armor Level 1  
  104  6:22  Overseer  
  106  6:28  Spore Crawler  
  106  6:31  Zerg Melee Weapons Level 1  
  117  6:46  Baneling x9  
  122  6:51  Pneumatized Carapace  
  122  6:53  Overseer  
  128  7:02  Baneling  
  133  7:09  Hydralisk Den  
  134  7:18  Grooved Spines  
  152  8:04  Hatchery  
  151  8:10  Extractor  
  167  8:22  Muscular Augments  
  157  8:56  Zerg Melee Weapons Level 2  
  157  9:09  Hydralisk x6  
  157  9:33  Hydralisk  
  162  9:40  Hydralisk x3  
  171  9:49  Zerg Ground Armor Level 2  
Spawning Tool Build Advisor. Get it on Overwolf

Go to:

Details

  • Created by: momopeanut
  • Published on: Mar 10, 2024
  • Modified on: Mar 10, 2024
  • Patch: 5.0.11
  • Difficulty: Hard
Show
View Real Time Build Order
Export as new Build Order

Comments (0)

There are no comments. Be the first!

Create an account to comment!